 Dungeon Crawl Stone Soup version 0.20-a0-924-gfa95efa (webtiles) character file.

102 getnixed the Ducker (level 4, -3/35 HPs)
             Began as a Demonspawn Gladiator on Mar 27, 2017.
             Slain by a gnoll
             ... wielding a +1 spear of piercing
              (8 damage)
             ... on level 2 of the Dungeon.
             The game lasted 00:05:28 (2206 turns).

getnixed the Ducker (Demonspawn Gladiator)          Turns: 2206, Time: 00:05:28

Health: -3/35      AC:  9    Str: 19    XL:     4   Next: 49%
Magic:  0/4        EV: 11    Int: 10    God:
Gold:   88         SH:  0    Dex: 15    Spells: 3/3 levels left

rFire    . . .     SeeInvis .   a - +0 war axe
rCold    . . .     Gourm    .   (no shield)
rNeg     + . .     Faith    .   o - +1 scale mail
rPois    .         Spirit   +   c - +0 helmet
rElec    .         Reflect  .   (no cloak)
rCorr    .         Harm     .   (no gloves)
MR       .....                  j - +0 pair of boots
Stlth    ..........             (no amulet)
Regen    0.2/turn               l - ring of flight
MPRegen  0.1/turn               n - ring of positive energy

@: mighty
A: powered by pain 1, magic shield
a: Evoke Flight


You were on level 2 of the Dungeon.
You were not hungry.

You visited 1 branch of the dungeon, and saw 2 of its levels.

You collected 88 gold pieces.

Inventory:

Hand Weapons
 a - a +0 war axe (weapon)
Missiles
 d - 3 throwing nets (quivered)
Armour
 c - a +0 helmet (worn)
 j - a +0 pair of boots (worn)
 o - a +1 scale mail (worn)
Jewellery
 l - a ring of flight (left hand)
 n - a ring of positive energy (right hand)
Scrolls
 e - a scroll of recharging
 h - 2 scrolls of immolation
 i - a scroll of remove curse
Potions
 b - a potion of agility
Comestibles
 g - 2 fruits


   Skills:
 * Level 3.1 Fighting
 * Level 3.1 Axes
 - Level 1.7 Throwing
 + Level 1.0 Armour
 * Level 3.6 Dodging


You had 3 spell levels left.
You didn't know any spells.

Dungeon Overview and Level Annotations

Branches:
Dungeon (2/15)

Altars:
Elyvilon


Innate Abilities, Weirdness & Mutations

You sometimes gain a little power by taking damage.
When hurt, damage is shared between your health and your magic reserves.


Message History

You barely miss the gnoll.
The gnoll is lightly wounded.
The gnoll hits you but does no damage.
You barely miss the gnoll.
The gnoll is lightly wounded.
The gnoll hits you with a whip. The gnoll hits you but does no damage.
You slash the gnoll!
You kill the gnoll!
The gnoll hits you but does no damage. The gnoll misses you.
The gnoll hits you from afar with a halberd!
* * * LOW HITPOINT WARNING * * *
The gnoll closely misses you.
You see here a whip.
You slash the gnoll!
The gnoll is almost dead.
The gnoll hits you but does no damage. The gnoll closely misses you.
You barely miss the gnoll.
The gnoll is almost dead.
The gnoll hits you with a spear of piercing!
You die...

#########.# #_##.##.##.).#
#.........# ##.##.##.#####
#.######### ##..###..# #.#
#### #### #.# #.# #####.#
#.# ......# #.# #####.#
#########.# #.#
#...gg@...# #.#
#.##########++## ###.###
#.# #....# ###.....###g##
#...... ........##...##
###....... ###>.......#..#
#.'....#..
........##..<.###.'†..#...
........###....##.#.g.....
...........>......##......


You could see 2 gnolls.

Vanquished Creatures
  2 gnolls
  3 adders (D:2)
  A worm (D:2)
  A dart slug (D:1)
  A leopard gecko (D:1)
  3 giant cockroaches
  4 goblins (D:1)
  10 hobgoblins
  2 jackals (D:1)
  2 ball pythons
  4 bats
  5 frilled lizards
  2 kobolds
  8 rats
48 creatures vanquished.

Notes
Turn   | Place    | Note
-------+----------+-------------------------------------------
     0 | D:1      | getnixed the Demonspawn Gladiator began the quest for the Orb.
     0 | D:1      | Reached XP level 1. HP: 16/16 MP: 1/1
   245 | D:1      | Gained mutation: When hurt, damage is shared between your health and your magic reserves. [demonic ancestry]
   245 | D:1      | Reached XP level 2. HP: 22/22 MP: 2/2
   702 | D:1      | Gained mutation: You sometimes gain a little power by taking damage. [demonic ancestry]
   702 | D:1      | Reached XP level 3. HP: 25/28 MP: 3/3
  1233 | D:2      | Found a white marble altar of Elyvilon.
  1829 | D:2      | Reached XP level 4. HP: 25/34 MP: 2/4
  1905 | D:2      | Reached skill level 1 in Armour
  2206 | D:2      | Slain by a gnoll

Vault maps used:
D:1:      dpeg_arrival_orchard, minivault_25, serial_bayou_pond_a
D:2:      marbit_many_paths, kennysheep_generic_room_3

Skill      XL: |  1  2  3  4 |
---------------+-------------+-----
Dodging        | 3 |  3.6
Axes           | 3 |  3.1
Armour         | 1 |  1.0
Fighting       | 3 |  3.1
Throwing       | |  1.7

Action                   |  1- 3 |  4- 6 || total
-------------------------+-------+-------++-------
Melee: War axe           |   136 |    17 ||   153
  Use: Scroll            |     3 |     4 ||     7
       Potion            |       |     2 ||     2
  Eat: Bread ration      |     1 |       ||     1
Armor: Leather armour    |    27 |       ||    27
       Scale mail        |    21 |    16 ||    37
Dodge: Dodged            |   103 |    24 ||   127
